Map: Prion Terraces

Players

lIIlllIlIIl - Winner!

  • Race: Terran Terran
  • League: Master

Vreaks

  • Race: Zerg Zerg
  • League: Diamond

VOD

Have the link to the VOD?

Description

Time

  • Played on: May 18, 2016, 6:43 p.m.
  • Length: 26:42
Show
View Real Time Build Order
Export as new Build Order

lIIlllIlIIl Terran - Winner!

Build Orders:  

Get SALT Encoding   

  12  0:01  SCV  
  13  0:13  SCV  
  14  0:18  Supply Depot  
  14  0:25  SCV  
  15  0:39  SCV  
  16  0:45  Engineering Bay  
  16  0:51  SCV  
  17  1:03  SCV  
  18  1:16  SCV  
  19  1:23  Command Center  
  19  1:30  Engineering Bay  
  19  1:36  SCV  
  20  1:45  Refinery x2  
  20  1:56  Command Center  
  20  2:01  Command Center  
  20  2:02  Barracks  
  20  2:11  SCV  
  20  2:23  SCV  
  20  2:35  SCV  
  21  2:51  Marine  
  22  2:54  Command Center  
  21  3:05  SCV  
  21  3:08  Marine  
  23  3:17  Orbital Command  
  23  3:35  Command Center  
  22  3:48  Engineering Bay  
  22  3:53  SCV  
  23  4:02  Factory  
  23  4:06  SCV  
  24  4:16  Planetary Fortress  
  24  4:19  SCV  
  25  4:31  SCV  
  26  4:40  Supply Depot  
  26  4:41  Marine  
  27  4:46  SCV, Factory Tech Lab  
  27  4:47  Bunker  
  27  4:49  SCV  
  29  4:53  SCV  
  29  4:58  SCV  
  31  5:06  Supply Depot  
  31  5:09  Refinery  
  31  5:15  Siege Tank  
  34  5:22  SCV x2  
  36  5:29  Refinery  
  36  5:34  SCV x2  
  38  5:35  Supply Depot  
  38  5:46  SCV x2  
  38  5:48  Hi-Sec Auto Tracking  
  40  5:58  SCV x2  
  40  6:02  Planetary Fortress  
  42  6:10  SCV x2  
  44  6:13  Starport  
  44  6:22  SCV x2  
  44  6:24  Refinery  
  46  6:29  Supply Depot, Refinery  
  46  6:34  SCV x2  
  48  6:40  Starport  
  48  6:41  Starport  
  48  6:42  SCV  
  48  6:46  SCV  
  48  6:47  SCV  
  51  6:51  Corvid Reactor  
  51  6:55  SCV  
  51  6:59  SCV x2  
  54  7:06  Missile Turret  
  54  7:07  SCV  
  55  7:09  Missile Turret  
  55  7:11  SCV x2  
  57  7:19  SCV  
  57  7:20  Missile Turret  
  58  7:23  Missile Turret, SCV  
  58  7:25  Missile Turret, SCV  
  58  7:28  Missile Turret x2  
  58  7:29  Missile Turret  
  60  7:31  SCV  
  60  7:35  SCV  
  62  7:37  Starport Tech Lab, SCV  
  62  7:38  Starport Tech Lab  
  62  7:39  Building Armor  
  62  7:43  SCV  
  64  7:45  Raven  
  64  7:49  Starport  
  64  7:51  SCV  
  67  7:52  SCV  
  67  7:55  SCV  
  69  8:05  Missile Turret  
  69  8:06  Missile Turret  
  69  8:08  Missile Turret x2  
  69  8:12  Raven x2  
  73  8:19  Factory Reactor  
  73  8:20  SCV x2  
  73  8:21  SCV  
  73  8:25  Starport Tech Lab  
  76  8:28  Raven  
  76  8:32  SCV, Command Center  
  79  8:49  Supply Depot x2  
  79  8:50  Command Center  
  79  8:53  Supply Depot  
  79  8:54  Raven  
  79  8:55  Raven, SCV x2  
  85  8:56  Supply Depot  
  84  9:09  Missile Turret  
  74  9:15  Widow Mine x2  
  78  9:20  Raven x2  
  82  9:28  SCV  
  82  9:29  SCV  
  84  9:37  Raven x2  
  88  9:41  SCV  
  88  9:43  Widow Mine x2  
  93  9:47  Command Center  
  80  10:10  SCV x2  
  82  10:21  Planetary Fortress  
  82  10:22  SCV x2  
  82  10:23  Missile Turret  
  84  10:34  Missile Turret, SCV x2  
  86  10:40  Raven x2  
  86  10:41  Raven x2  
  94  10:44  Supply Depot  
  94  10:46  SCV x2  
  94  10:49  Planetary Fortress  
  96  10:51  Missile Turret  
  96  10:58  SCV x2, Missile Turret  
  96  11:00  SCV  
  99  11:10  SCV x2  
  99  11:11  Refinery x2, Missile Turret  
  101  11:12  SCV  
  102  11:22  SCV x2  
  102  11:23  Raven x2  
  102  11:25  SCV  
  109  11:31  Planetary Fortress  
  109  11:33  SCV  
  109  11:34  Raven, SCV x2  
  109  11:37  SCV  
  109  11:39  Missile Turret  
  115  11:41  Missile Turret x2  
  115  11:42  Missile Turret  
  115  11:44  Refinery  
  115  11:45  SCV  
  115  11:46  SCV, Missile Turret  
  115  11:47  SCV  
  118  11:48  Refinery  
  118  11:49  SCV  
  119  12:04  SCV x4  
  119  12:05  Raven  
  119  12:06  Raven x2  
  119  12:07  Widow Mine x2  
  133  12:13  SCV  
  133  12:15  Armory  
  134  12:16  SCV  
  134  12:21  SCV x2  
  134  12:22  SCV  
  138  12:25  SCV  
  138  12:28  SCV  
  140  12:35  Widow Mine x2  
  129  13:04  Widow Mine  
  130  13:08  SCV x4  
  130  13:11  Widow Mine  
  136  13:16  Command Center x2  
  136  13:17  Command Center  
  130  13:32  Widow Mine  
  125  13:46  SCV x2  
  123  14:09  SCV x2  
  125  14:25  Raven x4  
  133  14:33  SCV, Missile Turret  
  133  14:34  SCV x3  
  137  14:49  SCV x3  
  137  14:50  SCV  
  141  14:58  Planetary Fortress  
  141  15:01  SCV x2  
  141  15:02  SCV x2  
  145  15:08  Raven x2  
  145  15:13  SCV  
  145  15:33  Command Center  
  145  15:38  Raven  
  144  16:08  Planetary Fortress x2  
  144  16:18  SCV x2  
  146  16:19  Widow Mine x2  
  150  16:25  Raven  
  150  16:26  Raven  
  154  16:35  SCV  
  155  16:40  Refinery  
  155  16:41  Refinery, Raven  
  155  16:46  Missile Turret  
  157  16:47  Widow Mine  
  157  16:48  SCV  
  157  16:49  Missile Turret  
  160  16:55  Missile Turret  
  126  17:39  Widow Mine  
  126  17:40  Missile Turret  
  126  17:41  SCV  
  128  17:53  SCV  
  129  18:01  Command Center  
  129  18:02  SCV  
  129  18:03  SCV x2  
  132  18:05  SCV  
  132  18:06  Planetary Fortress  
  132  18:08  Raven x3  
  132  18:09  Raven  
  141  18:29  Refinery  
  141  18:51  Raven  
  141  18:55  Raven x3  
  143  19:01  Widow Mine x2  
  153  19:30  Widow Mine x2  
  157  19:34  Raven  
  157  19:38  Raven x3  
  165  19:58  Widow Mine  
  167  20:01  Sensor Tower  
  167  20:17  Raven  
  167  20:21  Raven x3  
  169  20:27  Terran Vehicle And Ship Armor Level 1  
  171  20:32  SCV x6  
  177  20:37  Missile Turret  
  177  20:43  Missile Turret  
  177  20:47  SCV x2  
  177  20:48  Missile Turret  
  179  20:59  Raven  
  179  21:37  Planetary Fortress  
  179  21:43  SCV  
  180  21:50  SCV x2  
  180  21:51  SCV x3  
  185  22:08  Missile Turret  
  185  22:09  Missile Turret  
  185  23:03  Hellion x2, SCV x4  
  193  23:07  Supply Depot  
  193  23:08  Supply Depot  
  193  23:29  Hellion x2, SCV x2  
  193  23:31  Supply Depot  
  199  23:41  SCV  
  180  24:59  Command Center  
  180  25:03  Command Center  
  180  25:06  Command Center  
  180  25:51  Widow Mine x2  
Show
View Real Time Build Order
Export as new Build Order

Vreaks Zerg 

Build Orders: Pool First, Muta Ling Bane 

Get SALT Encoding   

  12  0:18  Spawning Pool  
  11  0:22  Drone  
  11  0:27  Drone  
  13  0:31  Drone  
  14  0:40  Overlord  
  14  1:05  Zergling x6  
  17  1:28  Zergling x2  
  17  1:29  Drone  
  19  1:46  Queen, Drone  
  22  1:49  Hatchery  
  22  1:51  Drone  
  22  1:56  Extractor  
  21  2:01  Drone  
  22  2:10  Overlord  
  22  2:27  Overlord  
  22  2:34  Drone  
  23  2:42  Zergling x2  
  24  2:53  Drone  
  24  2:55  Drone x3  
  24  2:57  Queen  
  30  3:06  Drone x2  
  30  3:07  Queen  
  33  3:21  Drone  
  33  3:22  Drone  
  36  3:27  Drone x2  
  36  3:30  Drone x3  
  36  3:31  Metabolic Boost  
  40  3:39  Drone  
  41  3:48  Drone x2  
  43  3:54  Baneling Nest  
  43  3:55  Overlord  
  42  4:05  Drone  
  42  4:08  Hatchery  
  42  4:12  Drone  
  42  4:13  Overlord  
  42  4:17  Overlord  
  43  4:22  Drone x3  
  46  4:31  Lair  
  46  4:33  Drone x2, Extractor  
  46  4:34  Drone x2  
  46  4:36  Extractor  
  48  4:40  Extractor  
  48  4:42  Drone x2  
  49  4:51  Overlord x2  
  49  5:00  Drone x2  
  51  5:08  Drone  
  51  5:09  Drone x3  
  55  5:17  Zergling x6  
  58  5:25  Zergling x4  
  58  5:26  Baneling x3  
  58  5:28  Zergling x2  
  61  5:30  Drone  
  62  5:36  Spire  
  62  5:41  Zergling x8  
  62  5:42  Zergling x2  
  66  5:46  Drone x2  
  66  5:48  Evolution Chamber  
  66  5:49  Evolution Chamber  
  66  5:50  Extractor x2  
  62  6:07  Drone  
  62  6:08  Drone x7  
  68  6:14  Drone x2  
  70  6:22  Overseer  
  70  6:33  Overlord x4  
  70  6:36  Zerg Melee Weapons Level 1  
  70  6:37  Zerg Ground Armor Level 1  
  70  6:39  Hatchery  
  69  6:41  Centrifical Hooks  
  69  6:50  Mutalisk x3  
  69  6:51  Mutalisk  
  77  6:56  Mutalisk  
  77  6:57  Zerg Flyer Weapons Level 1  
  77  6:59  Mutalisk  
  81  7:02  Drone x2  
  83  7:19  Mutalisk x3  
  83  7:20  Mutalisk  
  83  7:21  Zergling x10  
  96  7:25  Spore Crawler  
  96  7:29  Spore Crawler  
  94  7:30  Spore Crawler  
  94  7:31  Drone x2  
  95  7:38  Drone  
  95  7:39  Drone x5  
  101  7:49  Overlord x3  
  99  7:58  Infestation Pit  
  98  8:12  Zergling x22  
  109  8:13  Zergling x2  
  110  8:23  Drone x3  
  110  8:24  Drone x4  
  117  8:29  Baneling  
  117  8:30  Baneling x21  
  117  8:31  Baneling  
  117  8:32  Baneling x2  
  117  8:33  Baneling  
  117  8:34  Baneling x3  
  117  8:40  Hive  
  117  8:44  Drone x4, Extractor  
  117  8:46  Extractor  
  101  9:07  Mutalisk x5  
  101  9:08  Mutalisk x2  
  101  9:09  Zergling x8  
  114  9:10  Zergling x10  
  118  9:21  Spore Crawler  
  118  9:24  Drone x7  
  120  9:25  Drone x2  
  126  9:32  Queen  
  126  9:34  Overlord x4  
  126  9:37  Zerg Flyer Armor Level 1  
  128  9:50  Queen  
  103  10:04  Zergling x2  
  103  10:05  Zergling x24  
  100  10:18  Ultralisk Cavern  
  99  10:30  Zerg Melee Weapons Level 2  
  99  10:31  Zerg Ground Armor Level 2  
  99  10:34  Adrenal Glands  
  99  10:41  Hatchery  
  98  10:44  Overlord  
  98  10:45  Overlord x7  
  98  10:53  Overseer x4  
  98  11:11  Ultralisk x7  
  140  11:18  Chitinous Plating  
  140  11:19  Extractor  
  140  11:20  Extractor  
  140  11:21  Zergling x12  
  140  11:22  Zergling x4  
  146  11:35  Ultralisk x2  
  158  11:40  Drone x4  
  158  11:41  Drone  
  158  11:46  Spore Crawler  
  162  11:47  Spore Crawler  
  162  11:52  Spore Crawler  
  160  11:55  Spore Crawler x2  
  160  11:56  Spore Crawler  
  160  12:00  Ultralisk  
  163  12:04  Ultralisk  
  169  12:14  Drone  
  169  12:15  Drone x10  
  169  12:31  Ultralisk x2  
  175  12:48  Zergling x2  
  175  12:49  Zergling x36  
  175  12:50  Zergling x2  
  147  13:07  Viper x6  
  163  13:26  Zerg Melee Weapons Level 3  
  149  13:27  Zergling x2  
  149  13:28  Zergling x20  
  132  13:51  Zergling x12  
  132  13:52  Zergling x12  
  132  14:03  Ultralisk x4  
  132  14:04  Ultralisk  
  162  14:21  Ultralisk x2  
  162  14:22  Zergling x6  
  162  14:23  Zergling x12  
  183  14:31  Hatchery  
  182  14:34  Overlord x3  
  182  14:35  Overlord  
  182  14:51  Ultralisk x2  
  194  14:58  Baneling  
  194  14:59  Baneling x18  
  194  15:00  Baneling x2  
  194  15:01  Baneling  
  194  15:02  Zergling x2  
  194  15:04  Hatchery  
  144  15:28  Extractor  
  144  15:32  Extractor  
  142  15:39  Zergling x2  
  142  15:40  Zergling x54  
  163  15:53  Zergling x4  
  163  15:54  Zergling x8  
  127  16:09  Corruptor x4, Ultralisk x2  
  138  16:17  Baneling  
  138  16:18  Baneling x17  
  138  16:19  Baneling x2  
  138  16:20  Baneling  
  138  16:21  Baneling x3  
  138  16:22  Baneling  
  138  16:26  Drone x2  
  138  16:27  Drone x2  
  142  16:34  Baneling  
  142  16:35  Baneling x12  
  142  16:36  Baneling  
  142  16:50  Overseer x4  
  138  17:04  Zergling x2  
  138  17:05  Zergling x32  
  106  17:43  Zergling x2  
  108  17:44  Zergling x36  
  108  17:45  Zergling x2  
  126  17:55  Corruptor  
  126  17:56  Corruptor, Viper x2  
  126  17:57  Viper x5  
  136  18:19  Corruptor x3  
  136  18:21  Viper x5  
  157  18:33  Baneling x8  
  157  18:34  Baneling x5  
  157  18:35  Baneling  
  157  18:36  Baneling  
  157  18:37  Baneling  
  157  18:38  Zergling x8  
  148  18:49  Spore Crawler  
  148  18:50  Spore Crawler  
  148  18:52  Spore Crawler  
  148  18:53  Spore Crawler  
  137  18:56  Spore Crawler  
  102  19:32  Corruptor x6  
  102  19:33  Corruptor x2  
  102  19:34  Zergling x4  
  120  19:42  Drone  
  120  19:43  Drone x3  
  108  20:13  Corruptor x2  
  108  20:14  Corruptor  
  107  20:15  Hatchery  
  107  20:18  Drone  
  107  20:19  Drone  
  108  20:35  Hatchery  
  107  20:40  Drone x3  
  110  20:51  Drone x3  
  110  20:52  Drone x2  
  115  21:05  Corruptor  
  101  21:29  Viper x5  
  107  21:46  Corruptor  
  109  21:53  Extractor x2  
  107  21:59  Drone x4  
  107  22:00  Drone x4  
  115  22:08  Zerg Flyer Weapons Level 2  
  115  22:27  Zergling x4  
  115  22:28  Zergling x10  
  122  22:35  Zergling x2  
  122  22:36  Zergling x6  
  126  22:56  Ultralisk  
  129  23:05  Ultralisk  
  135  23:17  Drone x2  
  135  23:18  Drone x4  
  139  23:35  Ultralisk  
  145  23:52  Ultralisk  
  93  24:27  Corruptor x2  
  93  24:28  Corruptor x5  
  105  24:39  Zergling x6  
  105  24:40  Zergling x2  
  109  24:48  Corruptor x2  
  113  25:07  Greater Spire  
  103  25:15  Drone  
  103  25:16  Drone x6  
  102  25:27  Corruptor x2  
  102  25:28  Corruptor  
  102  25:49  Hatchery  
  101  25:52  Corruptor  
  103  26:09  Drone x5  
  103  26:10  Drone x3  
  111  26:14  Overseer  
Tags
 
Add a new tag
Caveats
  • Supply blocks, unpowered buildings, or Contaminate may cause inaccurate times.
  • Supply counts are checked every 10 seconds.